 Dungeon Crawl Stone Soup version 0.31.0-11-ge490571c62 (webtiles) character file.

Game seed: 4330409872011083626

271 qw the Skirmisher (level 6, -1/34 HPs)
             Began as a Deep Elf Hunter on Feb 4, 2024.
             Was an Initiate of Okawaru.
             Slain by an orc
             ... wielding a +0 mace
              (6 damage)
             ... on level 3 of the Dungeon.
             The game lasted 00:00:09 (2369 turns).

qw the Skirmisher (Deep Elf Hunter)                 Turns: 2369, Time: 00:00:09

Health: -1/34      AC:  7    Str: 10    XL:     6   Next: 2%
Magic:  8/8        EV:  9    Int: 14    God:    Okawaru [......]
Gold:   264        SH:  0    Dex: 18    Spells: 5/5 levels left

rFire   . . .        a - +0 shortbow
rCold   . . .        (shield currently unavailable)
rNeg    . . .        k - +0 scale mail
rPois   .            e - +0 helmet
rElec   .            (no cloak)
rCorr   .            (no gloves)
SInv    .            (no boots)
Will    .....        (no amulet)
Stlth   +            (no ring)
HPRegen 0.25/turn    (no ring)
MPRegen 0.11/turn

%: no passive effects
@: about to teleport
A: no striking features
a: Renounce Religion


You were on level 3 of the Dungeon.
You worshipped Okawaru.
Okawaru was noncommittal.
You visited 1 branch of the dungeon, and saw 3 of its levels.

You collected 264 gold pieces.


   Skills:
 - Level 1.5 Fighting
 - Level 9.5 Ranged Weapons
 + Level 0.4 Armour
 - Level 2.4 Dodging
 - Level 1.2 Stealth


You had 5 spell levels left.
You didn't know any spells.
Your spell library was empty.

Inventory:

Hand Weapons
 a - a +0 shortbow (weapon)
Armour
 b - a +2 cloak
 e - a +0 helmet (worn)
 k - a +0 scale mail (worn)
Scrolls
 j - 2 scrolls of teleportation
Potions
 d - 2 potions of curing
 g - a potion of haste
 l - a potion of might {unknown}

Dungeon Overview and Level Annotations

Branches:
Dungeon (3/15)

Altars:
Okawaru
Wu Jian


Message History

You see here a +0 robe.
You shoot an arrow. The gnoll shouts!
The arrow hits the gnoll.
The gnoll is moderately wounded.
You hear a shout! x2
You shoot an arrow. The arrow closely misses the gnoll.
An orc comes into view. It is wielding a +0 mace.
You shoot an arrow. The arrow barely misses the gnoll.
A gnoll comes into view. It is wielding a +0 club.
You shoot an arrow.
The arrow hits the gnoll but does no damage.
The gnoll is moderately wounded.
The gnoll hits you but does no damage.
You shoot an arrow. The arrow hits the gnoll.
The gnoll is heavily wounded.
The gnoll hits you with a +0 flail!
You shoot an arrow. The arrow hits the gnoll.
The gnoll is almost dead.
The gnoll closely misses you.
You shoot an arrow. The arrow hits the gnoll.
You kill the gnoll!
Okawaru accepts your kill.
The orc throws a stone.
The stone hits you. The gnoll hits you with a +0 club.
You have reached level 6!
You shoot an arrow. The arrow hits the gnoll.
The gnoll is lightly wounded.
The gnoll hits you but does no damage.
You shoot an arrow. The arrow barely misses the gnoll.
The orc hits you with a +0 mace. The gnoll closely misses you.
The gnoll hits you with a +0 club.
A gnoll comes into view. It is wielding a +4 spear.
You shoot an arrow. The arrow barely misses the gnoll.
The orc barely misses you. The gnoll hits you with a +0 whip.
The gnoll hits you but does no damage.
2369 ||| READING 3 scrolls of teleportation.
As you read the scroll of teleportation, it crumbles to dust.
You feel strangely unstable. The orc hits you with a +0 mace.
You die...

#.#. ##.#
##########.## ..
...# #~..........# .
#..# #~~~........#
.# . #..#
#~~~~.......#
...#.#..#
#~~~........#
.....#..#
#~~~~...)_7.#
....g.gg#
#~~~.(.(....#
#.o@####~..(.......#
#.....'######.######
#..####....##.# #
#.....'.....#.#
#.#####.).....#
#.....'.....###
#######.....#
#....##
#..>.#########


You could see 3 gnolls and an orc.

Vanquished Creatures
  Sigmund (D:2)
  An orc priest (D:2)
  A gnoll (D:3)
  A ribbon worm (D:2)
  A dart slug (D:1)
  2 orcs (D:2)
  A bat (D:2)
  6 endoplasms
  2 giant cockroaches
  10 goblins
  4 hobgoblins
  4 jackals (D:2)
  5 kobolds
  3 quokkas
  5 ball pythons
  3 frilled lizards
  8 rats
58 creatures vanquished.

Notes
Turn   | Place    | Note
-------+----------+-------------------------------------------
     0 | D:1      | qw the Deep Elf Hunter began the quest for the Orb.
     0 | D:1      | Reached XP level 1. HP: 12/12 MP: 3/3
     0 | D:1      | 0 ||| qw: Version: 0.3-a-160-g6735b56
     0 | D:1      | 0 ||| qw: Game counter: 5213
     0 | D:1      | 0 ||| qw: Melee chars always use a shield: true
     0 | D:1      | 0 ||| qw: God list: Okawaru
     0 | D:1      | 0 ||| qw: Allow faded altars: false
     0 | D:1      | 0 ||| qw: Do Orc after clearing Dungeon:15 true
     0 | D:1      | 0 ||| qw: Do second Lair branch before Depths: true
     0 | D:1      | 0 ||| qw: Lair rune preference: random
     0 | D:1      | 0 ||| qw: Goals: Normal
     0 | D:1      | 0 ||| PLANNING D:1-11
   132 | D:1      | Reached XP level 2. HP: 16/16 MP: 4/4
   135 | D:1      | Reached skill level 6 in Ranged Weapons
   629 | D:1      | Reached XP level 3. HP: 20/20 MP: 5/5
   789 | D:1      | 789 ||| READING scroll labelled HOMIMM UNLATAL.
   789 | D:1      | 789 ||| IDENTIFYING fizzy blue potion
   790 | D:1      | 790 ||| READING scroll labelled FEBLOLITIU.
   791 | D:1      | 791 ||| READING scroll labelled SUNOQE XUYN.
   792 | D:1      | 792 ||| READING scroll labelled UDAZXOECIJ.
   893 | D:1      | 893 ||| READING 2 scrolls labelled GOMEPO CEIRGHAI.
   894 | D:1      | 894 ||| DROPPING scroll of butterflies.
   895 | D:1      | 895 ||| DROPPING scroll of blinking.
  1106 | D:2      | Reached skill level 7 in Ranged Weapons
  1252 | D:2      | Reached XP level 4. HP: 16/25 MP: 6/6
  1788 | D:2      | Noticed Sigmund
  1796 | D:2      | Killed Sigmund
  1797 | D:2      | Reached skill level 9 in Ranged Weapons
  1797 | D:2      | Reached XP level 5. HP: 14/29 MP: 7/7
  1964 | D:2      | 1964 ||| UPGRADING to +0 helmet.
  1969 | D:2      | 1969 ||| UPGRADING to +0 scale mail.
  1979 | D:2      | 1979 ||| DROPPING +0 leather armour.
  1980 | D:2      | 1980 ||| READING scroll of identify.
  1980 | D:2      | 1980 ||| IDENTIFYING fuming sapphire potion
  1981 | D:2      | 1981 ||| READING scroll labelled EMOETU WUNU.
  1982 | D:2      | 1982 ||| READING scroll labelled GUPYUS KIEDDIMM.
  2034 | D:2      | 2034 ||| READING scroll labelled AKEBINKEIRR.
  2035 | D:2      | 2035 ||| READING 3 scrolls labelled JECVEE HYRI.
  2212 | D:3      | Found an iron altar of Okawaru.
  2213 | D:3      | 2213 ||| PLANNING OKAWARU WORSHIP
  2218 | D:3      | Became a worshipper of Warmaster Okawaru
  2219 | D:3      | 2219 ||| PLANNING D:1-11
  2297 | D:3      | Found an ornate altar of the Wu Jian Council.
  2366 | D:3      | Reached XP level 6. HP: 17/34 MP: 8/8
  2368 | D:3      | HP: 5/34 [gnoll/+0 whip (6)]
  2369 | D:3      | 2369 ||| READING 3 scrolls of teleportation.
  2369 | D:3      | Slain by an orc

Levels and vault maps discovered:
D:1:      sevenhm_arrival_forest_fort_small_3, layout_loops_ring,
          serial_aquarium, aquarium_bridge_straight [aquarium_subvault_bridge,
          aquarium_subvault_wall, aquarium_subvault_bridge,
          aquarium_subvault_balcony], aquarium_window_1, aquarium_window_fake,
          aquarium_window_corridor_1, aquarium_view_2c
D:2:      cheibrodos_pilgrimage, layout_basic, serial_glass, glass_columns_a,
          glass_columns_c, chequers_serial_rivers_large_b, minmay_misc_feat_iff,
          kennysheep_big_empty_room, minmay_fractal_squares_5, uniq_sigmund
D:3:      layout_basic, nzn_wu_jian_contemplation, okawaru_gym_becter,
          basic_ecumenical_altar

Skill      XL: |  1  2  3  4 |
---------------+-------------+-----
Ranged Weapons | 6 7 9 |  9.5
Fighting       | |  1.5
Armour         | |  0.4
Dodging        | |  2.4
Stealth        | |  1.2

Action                     |  1- 3 |  4- 6 || total
---------------------------+-------+-------++-------
   Fire: Shortbow          |   113 |    66 ||   179
    Use: Scroll            |     5 |     6 ||    11
 Armour: Leather armour    |    12 |    10 ||    22
         Scale mail        |       |    16 ||    16
  Dodge: Dodged            |    13 |    20 ||    33

Table legend:
 A = Non-vault XP
 B = Vault XP
 C = Vault XP percentage of total XP
 D = Non-vault monster count
 E = Vault monster count
 F = Vault count percentage of total count
                 A         B        C        D         E       F
            +---------+---------+-------+---------+---------+-------
      Total |     105 |     283 |  72.9 |      51 |       7 |  12.1
            +---------+---------+-------+---------+---------+-------
        D:1 |      49 |       0 |   0.0 |      28 |       0 |   0.0
        D:2 |      35 |     283 |  89.0 |      18 |       7 |  28.0
        D:3 |      21 |       0 |   0.0 |       5 |       0 |   0.0
            +---------+---------+-------+---------+---------+-------
